 Dungeon Sprint DCSS version 0.31-a0-365-gcf821cafb2 (webtiles) character file.

Game seed: 4875871681710522980

20 rocky1 the Ruffian (level 2, -6/20 HPs)
             Began as an Octopode Shapeshifter on July 28, 2023.
             Was a Follower of Cheibriados.
             Mangled by an iguana (14 damage)
             ... in the Dungeon (Sprint V: "Ziggurat Sprint").
             The game lasted 00:01:39 (160 turns).

rocky1 the Ruffian (Octopode Shapeshifter)           Turns: 160, Time: 00:01:40

Health: -6/20      AC:  1    Str: 28    XL:     2   Next: 79%
Magic:  5/5        EV: 15    Int: 24    God:    Cheibriados [*.....]
Gold:   0          SH:  0    Dex: 26    Spells: 1/1 levels left

rFire   . .          .
                       - Unarmed
rCold   . . .        (no shield)
rNeg    . . .        (helmet currently unavailable)
rPois   .            (no amulet)
rElec   .            w - +6 ring of strength
rCorr   .            s - +6 ring of dexterity
SInv    .            t - +6 ring of dexterity
Will    .....        u - +6 ring of intelligence
Stlth   ++++         v - +6 ring of intelligence
HPRegen 0.23/turn    x - +6 ring of strength
MPRegen 0.09/turn    (no ring)
                     (no ring)

%: no teleportation
@: beast-form, very slow
A: beast (slay +2), almost no armour, amphibious, 8 rings, camouflage 1,
gelatinous body 1, (nimble swimmer 1), tentacles
a: Begin Untransformation, Renounce Religion, Bend Time


You were in the Dungeon.
You worshipped Cheibriados.
Cheibriados was aware of your devotion.
You were a hulking beast.
You visited 1 branch

Inventory:

Jewellery
 r - a ring of flight
 s - a +6 ring of dexterity (right tentacle)
 t - a +6 ring of dexterity (on tentacle)
 u - a +6 ring of intelligence (on tentacle)
 v - a +6 ring of intelligence (on tentacle)
 w - a +6 ring of strength (left tentacle)
 x - a +6 ring of strength (on tentacle)
Talismans
 y - a beast talisman
 z - a blade talisman
 A - a maw talisman
 B - a serpent talisman
Wands
 b - a wand of mindburst (7)
 C - a wand of light (7)
Scrolls
 h - 4 scrolls of blinking
 n - 4 scrolls of amnesia
 o - 7 scrolls of fog
 p - 5 scrolls of identify
 q - 2 scrolls of fear
Potions
 a - a potion of lignification
 c - 10 potions of curing
 d - 10 potions of heal wounds
 e - 6 potions of haste
 f - 7 potions of magic
 g - 3 potions of berserk rage
 i - 2 potions of brilliance
 j - 2 potions of invisibility
 k - 4 potions of resistance
 m - 5 potions of might


   Skills:
 + Level 2.8 Fighting
 + Level 3.4 Dodging
 + Level 3.8 Stealth
 + Level 4.2 Unarmed Combat
 * Level 4.2 Invocations
 + Level 4.0 Shapeshifting


You had one spell level left.
You didn't know any spells.
Your spell library contained the following spells:

 Spells                   Type           Power      Damage    Failure   Level
 Cigotuvi's Dreadful Rot  Necr/Pois/Air  0%         N/A       22%         2
 Ignite Poison            Fire/Tmut/Pois 0%         N/A       41%         3
 Freezing Cloud           Conj/Ice/Air   0%         6-21      99%         5


Dungeon Overview and Level Annotations

Branches:
Dungeon (1/1)

Altars:
Ashenzari
Cheibriados
Dithmenos
Elyvilon
Fedhas
Gozag
Hepliaklqana
Kikubaaqudgha
Makhleb
Nemelex Xobeh
Okawaru
Qazlal
Ru
Sif Muna
Trog
Uskayaw
Vehumet
Wu Jian
Xom
Yredelemnul
Zin
The Shining One
Jiyva
Lugonu

Annotations:
D 1 transporter


Innate Abilities, Weirdness & Mutations

You are a hulking beast.
Your limbs bulge with bestial killing power. (Slay +2)
You cannot wear most types of armour.
You are amphibious.
You can wear up to eight rings at the same time.
Your skin changes colour to match your surroundings (Stealth+).
Your rubbery body absorbs attacks. (AC +1, EV +1)
((You are camouflaged when in or above water. (Stealth+)))
You have tentacles for arms and can constrict up to eight enemies at once.


Message History

You see here a +0 club.
Okay, then.
There is a transporter here.
There is a transporter here.
Welcome to arena 2.
You enter the transporter and appear at another place.
An iguana, a river rat and a jackal come into view.
Found a wand of roots (3), a book of Ice and a +2 short sword of venom.
Found a transporter.
Unknown command.
Okay, then.
You tentacle-slap the river rat. You grab the river rat.
You squeeze the river rat, but do no damage.
The river rat is moderately wounded.
You constrict the river rat. The river rat bites you!
You tentacle-slap the river rat but do no damage.
The river rat is severely wounded.
You constrict the river rat, but do no damage.
The river rat bites you. The iguana bites you.
You tentacle-slap the river rat but do no damage.
The river rat is severely wounded.
You constrict the river rat. The river rat closely misses you.
The iguana barely misses you.
You bludgeon the river rat!
You kill the river rat!
Cheibriados thoroughly appreciates the change of pace.
You can now bend time to slow others.
Cheibriados raises the support of your attributes as your movement slows.
The iguana barely misses you.
Your Shapeshifting skill increases to level 4!
You tentacle-slap the iguana. You grab the iguana.
The iguana is moderately wounded.
You constrict the iguana.
The jackal barks!
The iguana bites you.
You tentacle-slap the iguana but do no damage.
The iguana is moderately wounded.
You constrict the iguana. The iguana bites you!
Ouch! That really hurt!
You die...

▓▓▓▓▓▓▓▓▓▓▓▓▓
▓.8©8.▓.8©8.▓
▓.)/:.▓.....▓
▓.†l..▓.).).▓
▓.hh..▓.....▓
▓.....▓.....▓
▓.....▓..©..▓
▓..©..▓▓▓▓▓▓▓
▓▓▓▓▓▓▓


You could see an iguana and a jackal.

Vanquished Creatures
  A river rat (D)
  2 orcs (D)
3 creatures vanquished.

Notes
Turn   | Place    | Note
-------+----------+-------------------------------------------
     0 | D        | rocky1 the Octopode Shapeshifter began the quest for the
                  | Orb.
     0 | D        | Reached XP level 1. HP: 13/13 MP: 1/1
     0 | D        | Found a shimmering blue altar of Sif Muna.
     0 | D        | Found a bloodstained altar of Trog.
     0 | D        | Found a sacrificial altar of Ru.
     0 | D        | Found a stormy altar of Qazlal.
     0 | D        | Found an iron altar of Okawaru.
     1 | D        | Found a sparkling altar of Nemelex Xobeh.
     1 | D        | Found a blossoming altar of Fedhas.
     1 | D        | Found the +6 Majin-Bo {spellvamp, MP+6 Int+6}
     1 | D        | Found the +27 heavy crossbow "Sniper" {heavy, Acc+∞ SInv}
     1 | D        | Found the +10 dark maul {heavy}
     1 | D        | Found the +15 Maxwell's patent armour {-Cast -Tele rElec
                  | Will+ rCorr}
     1 | D        | Found the +18 shield of the Gong {Loud rN+ Will+ rCorr
                  | EV-5}
     1 | D        | Found the +16 obsidian axe {drain, demonic, Mesm Drain Fly
                  | SInv}
     1 | D        | Found the +7 great mace "Firestarter" {flame, immolate,
                  | rFlCloud rF++}
     1 | D        | Found the +6 shillelagh "Devastator" {shatter}
     1 | D        | Found the +11 plutonium sword {Contam Stlth-}
     1 | D        | Found the +8 lance "Wyrmbane" {slay drac, rPois rF+ rC+
                  | AC+3}
     1 | D        | Found the +9 sword of Zonguldrok {reap}
     1 | D        | Found the +13 scythe of Curses {drain, curses, Drain}
     1 | D        | Found the +9 sword of Power {lifebolt}
     1 | D        | Found the +7 mace of Variability {chaos, chaos arc}
     1 | D        | Found the +11 Singing Sword {sonic wave}
     1 | D        | Found the +8 storm bow {elec, penet}
     3 | D        | Found a transporter.
     3 | D        | Found an ancient bone altar of Kikubaaqudgha.
     3 | D        | Found a viscous altar of Jiyva.
     3 | D        | Found a corrupted altar of Lugonu.
     3 | D        | Found a hazy altar of Hepliaklqana.
     3 | D        | Found a burning altar of Makhleb.
     3 | D        | Found an opulent altar of Gozag.
    68 | D        | Became a worshipper of Cheibriados the Contemplative
    87 | D        | Reached XP level 2. HP: 20/20 MP: 1/5
   132 | D        | Entered arena 2.
   132 | D        | Found a transporter.
   150 | D        | Entered arena 3.
   150 | D        | Found a transporter.
   158 | D        | Reached * piety under Cheibriados
   160 | D        | Mangled by an iguana

Illustrated notes

Levels and vault maps discovered:
D:        sprint_v [room_start, room_1, room_2, room_3, room_4, room_5, room_6,
          room_7, room_8, room_9, room_10, room_11, room_12, room_13, room_14,
          room_15, room_16, room_17, room_18, room_19, room_20, room_21,
          room_22, room_23, room_24, room_25, room_26, room_27]

Skill      XL: |  1  2 |
---------------+-------+-----
Fighting       | 2 |  2.8
Dodging        | 3 |  3.4
Stealth        | 3 |  3.8
Unarmed Combat | 4 |  4.2
Invocations    | 4 |  4.2
Shapeshifting  | 4 |  4.0

Action                     || total
---------------------------++-------
  Melee: Unarmed           ||     9
         Constrict         ||     4
         Tentacles         ||     2
    Use: Potion            ||     1
   Stab: Sleeping          ||     1
 Armour: Skin              ||     1
  Dodge: Dodged            ||     4

Table legend: (Time is in decaauts)
 A = Elapsed time spent in this place.
 B = Non-inter-level travel time spent in this place.
 C = Inter-level travel time spent in this place.
 D = Time resting spent in this place.
 E = Time spent auto-exploring this place.
 F = Levels seen in this place.
 G = Mean time per level.
                   A        B        C        D        E       F      G
               +--------+--------+--------+--------+--------+-----+--------+
         Total |    167 |    167 |      0 |     44 |      0 |   1 |  167.0 |
       Dungeon |    167 |    167 |      0 |     44 |      0 |   1 |  167.0 |
               +--------+--------+--------+--------+--------+-----+--------+

Top non-repeatable levels by time:
       D: 167 daAuts
